 Dungeon Crawl Stone Soup version 0.27.1 (webtiles) character file.

Game seed: 5956338620416097520

114 DoubleLucky the Firebug (level 4, -1/33 HPs)
             Began as a Draconian Fire Elementalist on Aug 21, 2021.
             Slain by Terence (5 damage)
             ... on level 2 of the Dungeon.
             The game lasted 00:12:47 (3090 turns).

DoubleLucky the Firebug (DrFE)                      Turns: 3090, Time: 00:12:47

Health: -1/33      AC:  5    Str: 10    XL:     4   Next: 66%
Magic:  1/8        EV: 12    Int: 16    God:
Gold:   75         SH:  0    Dex: 12    Spells: 5/9 levels left

rFire    . . .     SeeInvis .   k - +2 short sword (vamp)
rCold    . . .     Faith    .   (no shield)
rNeg     . . .     Spirit   .   (armour unavailable)
rPois    .         Reflect  .   (helmet restricted)
rElec    .         Harm     .   (no cloak)
rCorr    +         Rampage  .   (no gloves)
Will     .....                  (no boots)
Stlth    ++........             (no amulet)
HPRegen  0.11/turn              m - ring of resist corrosion
MPRegen  0.11/turn              (no ring)

@: no status effects
A: AC +5, unfitting armour, cold-blooded
a: no special abilities


You were on level 2 of the Dungeon.
You visited 1 branch of the dungeon, and saw 2 of its levels.

You collected 75 gold pieces.

Inventory:

Hand Weapons
 a - a +0 whip
 b - a +0 dagger
 k - a +2 vampiric short sword (weapon)
Missiles
 c - 25 poisoned darts (quivered)
 n - 2 throwing nets
Jewellery
 m - a ring of resist corrosion (left hand)
Scrolls
 f - a scroll of summoning {unknown}
 g - a scroll of torment {unknown}
 h - a scroll of enchant armour {unknown}
 i - a scroll of blinking {unknown}
 j - a scroll of amnesia {unknown}
 l - a scroll of magic mapping {unknown}
Potions
 d - a potion of cancellation {unknown}
 e - a potion of mutation {unknown}
 o - a potion of heal wounds {unknown}


   Skills:
 - Level 1.7 Dodging
 - Level 1.7 Stealth
 + Level 3.1 Spellcasting
 + Level 2.6 Conjurations
 + Level 4.0 Fire Magic


You had 5 spell levels left.
You knew the following spells:

 Your Spells              Type           Power      Damage    Failure   Level
a - Foxfire               Conj/Fire      52%        2x1d6     4%          1
b - Conjure Flame         Conj/Fire      13%        6-21      14%         3

Your spell library contained the following spells:

 Spells                   Type           Power      Damage    Failure   Level
 Apportation              Tloc           4%         N/A       19%         1
 Inner Flame              Hex/Fire       8%         N/A       24%         3
 Sticky Flame             Conj/Fire      13%        2d4       43%         4
 Gell's Gravitas          Tloc           1%         N/A       50%         3
 Teleport Other           Tloc           2%         N/A       50%         3
 Fireball                 Conj/Fire      6%         3d5       78%         5
 Alistair's Intoxication  Tmut/Pois      1%         N/A       99%         5
 Dispersal                Tloc           1%         N/A       100%        6
 Invisibility             Hex            1%         N/A       100%        6


Dungeon Overview and Level Annotations

Branches:
Dungeon (2/15)

Altars:

Annotations:
D:2 Terence


Innate Abilities, Weirdness & Mutations

Your plain brown scales are hard. (AC +5)
You cannot fit into any form of body armour.
You are cold-blooded and may be slowed by cold attacks.


Message History

Terence is heavily wounded.
Terence hits you with a +0 falchion.
You barely miss Terence.
Terence is heavily wounded.
Terence hits you with a +0 falchion. Terence misses you.
Terence says, "How do you enjoy it?"
You see here a +0 dagger.
Casting: Foxfire (safe; 4% risk of failure)
Confirm with . or Enter, or press ? or * to list all spells.
You conjure some foxfire!
Terence hits you with a +0 falchion.
The foxfire hits Terence but does no damage.
Terence is moderately wounded.
Terence hits you with a +0 falchion.
Casting: Foxfire (safe; 4% risk of failure)
Confirm with . or Enter, or press ? or * to list all spells.
You conjure some foxfire!
Terence closely misses you.
The foxfire hits Terence but does no damage.
Terence is moderately wounded.
Terence barely misses you.
Casting: Foxfire (safe; 4% risk of failure)
Confirm with . or Enter, or press ? or * to list all spells.
You conjure some foxfire!
Terence barely misses you.
The foxfire hits Terence but does no damage.
Terence is moderately wounded.
Terence hits you with a +0 falchion.
You barely miss Terence.
Terence is moderately wounded.
Terence hits you but does no damage.
You closely miss Terence.
Terence is moderately wounded.
Terence says, "Did you write a will?
You should..."
Terence hits you with a +0 falchion!
* * * LOW HITPOINT WARNING * * *
You completely miss Terence.
Your tail-slap misses Terence.
Terence is moderately wounded.
Terence hits you with a +0 falchion.
* * * LOW HITPOINT WARNING * * *
Terence hits you with a +0 falchion.
You die...

####.#### ####.#
#.#
#.######..).####.##
#.................#
########.##########
#.# ######### #.#
........### #.#
###)......# #.#
..........######@#
###............@.#
..........########
#####.##.## #....#
###### #### ...#


You could see Terence.

Vanquished Creatures
  Robin (D:2)
  3 adders (D:2)
  A worm (D:2)
  2 dart slugs (D:2)
  7 endoplasms
  3 giant cockroaches
  18 goblins (D:2)
  A hobgoblin (D:2)
  2 quokkas (D:2)
  3 ball pythons (D:2)
  5 bats
  4 frilled lizards
  11 kobolds
  5 rats
66 creatures vanquished.

Vanquished Creatures (others)
  161 foxfires
161 creatures vanquished.

Grand Total: 227 creatures vanquished

Notes
Turn   | Place    | Note
-------+----------+-------------------------------------------
     0 | D:1      | DoubleLucky the Draconian Fire Elementalist began the quest
                  | for the Orb.
     0 | D:1      | Reached XP level 1. HP: 14/14 MP: 3/3
   369 | D:1      | Found a faded altar of an unknown god.
   508 | D:1      | Reached XP level 2. HP: 17/20 MP: 3/5
  1169 | D:2      | Reached XP level 3. HP: 15/26 MP: 0/6
  1313 | D:2      | Noticed Terence
  1706 | D:2      | Learned a level 3 spell: Conjure Flame
  2126 | D:2      | Reached XP level 4. HP: 33/33 MP: 4/8
  2781 | D:2      | Noticed Robin
  2999 | D:2      | Killed Robin
  3002 | D:2      | Reached skill level 4 in Fire Magic
  3090 | D:2      | Slain by Terence

Illustrated notes

Levels and vault maps discovered:
D:1:      wander_arrival_fairy_ring, layout_loops_ring,
          shapermc_ecumenical_altar_starsandcircs
D:2:      minmay_thinvault, layout_basic, basic_altar, uniq_robin, uniq_terence

Skill      XL: |  1  2  3  4 |
---------------+-------------+-----
Conjurations   | 2 |  2.6
Spellcasting   | 3 |  3.1
Fire Magic     | 4 |  4.0
Dodging        | |  1.7
Stealth        | |  1.7

Action                   |  1- 3 |  4- 6 || total
-------------------------+-------+-------++-------
Melee: Dagger            |    33 |       ||    33
       Unarmed           |     3 |       ||     3
       Tailslap          |     3 |     1 ||     4
       Short sword       |       |    26 ||    26
Throw: Dart              |     2 |       ||     2
 Cast: Foxfire           |    64 |    38 ||   102
       Conjure Flame     |     2 |     4 ||     6
Armor: Skin              |    16 |    22 ||    38
Dodge: Dodged            |    40 |    32 ||    72
